 Dungeon Crawl Stone Soup version 0.29.1-15-g9cfb28693d (webtiles) character file.

Game seed: 4895751250739614921

875 protoss039 the Sneak (level 7, -8/41 HPs)
             Began as a Vampire Enchanter on Mar 27, 2023.
             Killed from afar by an electric eel (9 damage)
             ... with a bolt of electricity
             ... on level 6 of the Dungeon.
             The game lasted 00:10:23 (5759 turns).

protoss039 the Sneak (Vampire Enchanter)            Turns: 5759, Time: 00:10:23

Health: -8/41      AC:  8    Str:  9    XL:     7   Next: 74%
Magic:  20/20      EV: 11    Int: 17    God:
Gold:   380        SH:  5    Dex: 19    Spells: 1/12 levels left

rFire   . . .      SeeInvis +   k - +2 dagger (vamp)
rCold   + + .      Faith    .   (no shield)
rNeg    + + +      Spirit   .   q - +3 ring mail of Analysis {Harm MP+9 Str+2 Dex+2}
rPois   ∞          Reflect  +   (no helmet)
rElec   .          Harm     +   (no cloak)
rCorr   .          Rampage  .   (no gloves)
Will    .....                   (no boots)
Stlth   +++++.....              p - amulet of reflection
HPRegen 0.00/turn               g - ring of wizardry
MPRegen 0.17/turn               (no ring)

@: bloodless, inhibited regen
A: bloodless, fangs 3, see invisible, vampiric 2
a: Bat Form, Revivify


You were on level 6 of the Dungeon.
You visited 2 branches of the dungeon, and saw 7 of its levels.

You collected 404 gold pieces.
You spent 24 gold pieces at shops.

Inventory:

Hand Weapons
 k - a +2 vampiric dagger (weapon)
Missiles
 e - 7 poisoned darts (quivered)
Armour
 b - a +0 robe
 q - the +3 ring mail of Analysis (worn) {Harm MP+9 Str+2 Dex+2}
   (You found it on level 3 of the Dungeon)

   Str:       It affects your strength (+2).
   Dex:       It affects your dexterity (+2).
   MP:        It affects your magic capacity (+9).
   Harm:      It increases damage dealt and taken.
Magical Staves
 x - a staff of cold
Jewellery
 g - a ring of wizardry (left hand)
 p - an amulet of reflection (around neck)
Wands
 o - a wand of polymorph (7)
 s - a wand of iceblast (3)
 y - a wand of flame (23)
Scrolls
 d - 2 scrolls of identify
 t - 2 scrolls of teleportation
 u - a scroll of magic mapping
Potions
 a - a potion of berserk rage {unknown}
 c - 2 potions of invisibility
 f - 2 potions of brilliance
 h - 2 potions of curing
 i - a potion of mutation {unknown}
 j - a potion of cancellation {unknown}
 l - 3 potions of heal wounds
 m - a potion of degeneration {unknown}
 n - a potion of might {unknown}
 r - a potion of attraction {unknown}
 v - 3 potions of lignification
 w - a potion of haste


   Skills:
 * Level 3.0 Fighting
 + Level 2.9 Short Blades
 + Level 1.5 Throwing
 * Level 2.2 Armour
 + Level 3.5 Dodging
 * Level 7.3 Stealth
 + Level 3.1 Spellcasting
 + Level 0.3 Conjurations
 + Level 5.8 Hexes
 + Level 2.1 Ice Magic


You had one spell level left.
You knew the following spells:

 Your Spells              Type           Power      Damage    Failure   Level
a - Ensorcelled Hibernat  Hex/Ice        32%        N/A       6%          2
b - Confusing Touch       Hex            22%        N/A       5%          3
c - Tukima's Dance        Hex            22%        N/A       5%          3
d - Dazzling Flash        Conj/Hex       26%        N/A       16%         3

Your spell library contained the following spells:

 Spells                   Type           Power      Damage    Failure   Level
 Portal Projectile        Hex/Tloc       24%        N/A       16%         3
 Blade Hands              Tmut           1%         N/A       99%         5
 Chain Lightning          Conj/Air       1%         3d2       100%        9
 Fire Storm               Conj/Fire      1%         8d1       100%        9
 Shatter                  Erth           1%         3d5*      100%        9


Dungeon Overview and Level Annotations

Branches:
Dungeon (6/15) Zot: 26335  Temple (1/1) D:5 Zot: 5952

Altars:
Ashenzari
Fedhas
Gozag
Hepliaklqana
Kikubaaqudgha
Makhleb
Nemelex Xobeh
Okawaru
Qazlal
Ru
Trog
Uskayaw
Vehumet
Wu Jian
Lugonu

Shops:
D:6 (**


Innate Abilities, Weirdness & Mutations

You do not regenerate when monsters are visible.
You are frail without blood (-20% HP).
You can heal yourself when you bite living creatures.
You are immune to poison.
You have razor-sharp teeth.
You have supernaturally acute eyesight. (SInv)
You are afflicted with vampirism and can become a bat while bloodless.


Message History

There are monsters nearby!
There are monsters nearby!
Okay, then.
An electric eel comes into view.
Aiming: Throw Flame
Press: ? - help, Shift-Dir - straight line, f - electric eel
Aim: an electric eel (wandering, hasn't noticed you, 48% to hit)
Your line of fire to the electric eel is blocked by a plant.
Unknown command.
Unknown command.
Aiming: Throw Flame
Press: ? - help, Shift-Dir - straight line, f/p - electric eel
Aim: an electric eel (wandering, hasn't noticed you, 48% to hit)
Your line of fire to the electric eel is blocked by a plant.
Unknown command.
You enter the shallow water.
Moving in this stuff is going to be slow.
Unknown command.
A hound comes into view.
Found a scroll of identify.
An electric eel comes into view.
An electric eel comes into view.
An ufetubus comes into view.
You see here a scroll of identify.
d - 2 scrolls of identify (gained 1)
The electric eel shoots out a bolt of lightning at you!
The bolt of electricity hits you!
The electric eel shoots out a bolt of lightning at you!
The bolt of electricity hits the ufetubus!
The ufetubus dies!
The bolt of electricity hits you!
The electric eel shoots out a bolt of lightning at you!
The bolt of electricity hits the plant!
The plant begins to die.
The bolt of electricity hits you!
* * * LOW HITPOINT WARNING * * *
The bolt of electricity hits you.
* * * LOW HITPOINT WARNING * * *
The electric eel shoots out a bolt of lightning at you!
The bolt of electricity hits you!
You die...

######## #####..@..~♣
#.....♣♣~~♣~♣
#.#~♣♣♣♣~~~~~~
##.#♣~♣~~♣P~♣~S~≈
##..~~~~~~~~≈≈≈≈≈≈≈
#..♣♣♣~P~~~≈≈S≈≈≈≈≈
#.♣~~~P~~~~≈≈Y≈≈≈≈≈
#.♣♣~~~~~~P≈≈≈≈≈≈≈≈≈≈≈≈
#.♣~~~~~~~≈≈≈≈≈≈≈≈≈≈≈≈≈


You could see a sky beast and 2 electric eels.

Vanquished Creatures
  An ice beast (D:5)
  2 ogres
  A necrophage (D:6)
  A scorpion (D:4)
  An electric eel (D:6)
  3 hounds
  3 orc priests
  2 orc wizards (D:4)
  3 gnolls (D:5)
  6 adders
  2 white imps
  An ufetubus (D:4)
  3 worms
  5 dart slugs
  18 orcs
  3 endoplasms
  2 giant cockroaches
  6 goblins
  9 hobgoblins
  5 jackals
  4 quokkas
  9 ball pythons
  6 bats
  12 frilled lizards
  6 kobolds
  5 rats
119 creatures vanquished.

Vanquished Creatures (others)
  An ufetubus (D:6)
  25 plants (D:6)
26 creatures vanquished.

Grand Total: 145 creatures vanquished

Notes
Turn   | Place    | Note
-------+----------+-------------------------------------------
     0 | D:1      | protoss039 the Vampire Enchanter began the quest for the
                  | Orb.
     0 | D:1      | Reached XP level 1. HP: 13/13 MP: 3/3
   440 | D:1      | Reached XP level 2. HP: 16/16 MP: 5/5
   449 | D:1      | Learned a level 2 spell: Ensorcelled Hibernation
  1020 | D:1      | Reached skill level 1 in Fighting
  1191 | D:1      | Reached skill level 5 in Stealth
  1389 | D:2      | Gained mutation: You are afflicted with vampirism and can
                  | become a bat while bloodless. [Vampire growth]
  1389 | D:2      | Reached XP level 3. HP: 19/20 MP: 3/6
  1440 | D:2      | Found a faded altar of an unknown god.
  1776 | D:2      | Found a broken altar of Ashenzari.
  1862 | D:2      | Reached XP level 4. HP: 25/25 MP: 7/7
  2227 | D:2      | Learned a level 3 spell: Confusing Touch
  2365 | D:3      | Identified the +3 ring mail of Analysis {Harm MP+9 Str+2
                  | Dex+2}
  2391 | D:3      | Learned a level 3 spell: Tukima's Dance
  2656 | D:3      | Reached skill level 1 in Ice Magic
  2661 | D:3      | Found a broken altar of Ashenzari.
  2933 | D:4      | Found an ornate altar of the Wu Jian Council.
  3213 | D:4      | Found an opulent altar of Gozag.
  3259 | D:4      | Reached XP level 5. HP: 29/29 MP: 8/8
  3459 | D:4      | Reached skill level 6 in Stealth
  3459 | D:4      | Reached skill level 5 in Hexes
  4048 | D:5      | Entered Level 5 of the Dungeon
  4156 | D:5      | Reached skill level 1 in Armour
  4156 | D:5      | Reached XP level 6. HP: 35/35 MP: 8/10
  4257 | D:5      | Found a staircase to the Ecumenical Temple.
  4290 | D:5      | Noticed an ice beast
  4308 | D:5      | Killed an ice beast
  4309 | D:5      | Reached skill level 1 in Throwing
  4481 | Temple   | Entered the Ecumenical Temple
  4735 | D:5      | Found a radiant altar of Vehumet.
  4815 | D:5      | Reached XP level 7. HP: 40/40 MP: 11/11
  5092 | D:5      | Learned a level 3 spell: Dazzling Flash
  5165 | D:6      | Reached skill level 7 in Stealth
  5396 | D:6      | Found Cyraq's General Store.
  5398 | D:6      | Found Setotio's Specific Store.
  5418 | D:6      | Found Haj Leeq's Weapon Emporium.
  5442 | D:6      | Bought a scroll of identify for 24 gold pieces
  5640 | D:6      | Found a blossoming altar of Fedhas.
  5759 | D:6      | HP: 1/41 [electric eel/bolt of electricity (7)]
  5759 | D:6      | Killed from afar by an electric eel

Illustrated notes

Levels and vault maps discovered:
D:1:      ebering_hopf_link, layout_basic, minmay_pentomino_r2
D:2:      layout_loops_ring, basic_altar, basic_ecumenical_altar
D:3:      layout_rooms, nicolae_ashenzari_panopticon, kennysheep_boxes
D:4:      layout_basic, nicolae_gozag_seed_capital,
          mainiacjoe_overflow_tiny_flanked, palyth_stone_intersect
D:5:      layout_gridville, nicolae_vehumet_radiance, temple_statues
D:6:      layout_rooms, gammafunk_temple_overflow_forgotten,
          nicolae_elyvilon_temple_path, serial_shops, shop_fountains,
          nicolae_specific_store, serial_park_tiny_2, serial_bayou_lake_a
Temple:   corrupted_temple

Skill      XL: |  1  2  3  4  5  6  7 |
---------------+----------------------+-----
Fighting       | 1 2 3 |  3.0
Stealth        | 5 6 7 |  7.3
Ice Magic      | 1 2 |  2.1
Short Blades   | 2 |  2.9
Dodging        | 3 |  3.5
Hexes          | 5 |  5.8
Armour         | 1 2 |  2.2
Throwing       | 1 |  1.5
Spellcasting   | 3 |  3.1
Conjurations   | |  0.3

Action                   |  1- 3 |  4- 6 |  7- 9 || total
-------------------------+-------+-------+-------++-------
Melee: Dagger            |    86 |   121 |    35 ||   242
       Bite              |     4 |    12 |     7 ||    23
       Punch             |       |     2 |       ||     2
 Cast: Ensorcelled Hiber |    12 |    36 |    14 ||    62
       Confusing Touch   |       |     2 |     1 ||     3
 Abil: Exsanguinate      |     1 |       |       ||     1
  Use: Scroll            |       |     5 |     4 ||     9
 Stab: Sleeping          |    29 |    36 |    13 ||    78
       Confused          |       |     2 |     1 ||     3
       Distracted        |       |       |     1 ||     1
Armor: Robe              |    15 |     4 |       ||    19
       Ring mail         |       |    51 |     5 ||    56
Dodge: Dodged            |    41 |    50 |     5 ||    96
Block: Other             |       |    19 |     5 ||    24
       Reflection        |       |     1 |       ||     1
